 Dungeon Crawl Stone Soup version 0.28-a0-2-g643f2454ad (webtiles) character file.

Game seed: 16446567984658314193

17 Lusmu the Bolt Thrower (level 2, -10/34 HPs)
             Began as a Human Wanderer on July 22, 2021.
             Was an Initiate of Gozag.
             Engulfed by a cloud of flame (14 damage)
             ... on level 1 of the Dungeon.
             The game lasted 00:03:57 (1187 turns).

Lusmu the Bolt Thrower (Human Wanderer)             Turns: 1187, Time: 00:03:58

Health: -10/34     AC: 21    Str:  9    XL:     2   Next: 80%
Magic:  2/2        EV:  2    Int: 13    God:    Gozag
Gold:   0          SH:  4    Dex: 14    Spells: 1/1 levels left

rFire   . . .      SeeInvis .   g - +0 club
rCold   . . .      Faith    .   d - +0 buckler
rNeg    + + +      Spirit   .   (armour currently unavailable)
rPois   +          Reflect  .   (helmet currently unavailable)
rElec   .          Harm     .   (cloak currently unavailable)
rCorr   .          Rampage  .   (gloves currently unavailable)
Will    .....      NoTele   +   (boots currently unavailable)
Stlth   ++........              (no amulet)
HPRegen 0.11/turn               (no ring)
MPRegen 0.08/turn               (no ring)

@: tree-form, gold aura
A: stationary, stasis, torment immunity, boosted hp
a: Renounce Religion, Potion Petition, Call Merchant, Bribe Branch


You were on level 1 of the Dungeon.
You worshipped Gozag.
Gozag was noncommittal.
You were a tree.
You visited 1 branch of the dungeon, and saw 1 of its levels.

Inventory:

Hand Weapons
 a - a +2 hand crossbow
 g - a +0 club (weapon)
Missiles
 b - 23 bolts
Armour
 d - a +0 buckler (worn)
 e - a +0 robe (melded)
 f - a +0 pair of boots (melded)


   Skills:
 + Level 2.3 Fighting
 - Level 2.0(2.1) Axes
 + Level 0.7(1.4) Maces & Flails
 + Level 2.3 Crossbows
 - Level 1.0 Throwing
 - Level 2.0 Armour
 + Level 0.8 Stealth
 - Level 1.0 Shields


You had one spell level left.
You didn't know any spells.
Your spell library contained the following spells:

 Spells                   Type           Power      Damage    Failure   Level
 Sandblast                Erth           0%         2d4       41%         1


Dungeon Overview and Level Annotations

Branches:
Dungeon (1/15)

Altars:
Gozag


Message History

The jackal is no longer distracted by gold.
The jackal is heavily wounded.
The jackal bites you.
* * * LOW HITPOINT WARNING * * *
The jackal closely misses you.
You closely miss the jackal.
The jackal is heavily wounded.
You block the jackal's attack. The jackal barely misses you.
You hit the jackal.
You kill the jackal!
The jackal closely misses you. The jackal barely misses you.
As you read the scroll labelled NED MEICAI, it crumbles to dust.
The creatures around you are filled with an inner flame!
It was a scroll of immolation.
The jackal bites you.
* * * LOW HITPOINT WARNING * * *
You aren't carrying any scrolls.
Unknown command.
Really quaff the potion of lignification?
You turn into a tree.
Your +0 pair of boots melds into your body.
Your +0 robe melds into your body.
Your roots penetrate the ground.
You block the jackal's attack.
You barely miss the jackal.
The jackal bites you but does no damage. x2
Unknown command.
You hit the jackal.
Flame seeps out of the jackal.
The jackal is severely wounded.
The jackal is engulfed in blazing flames.
The jackal explodes!
The fiery explosion engulfs the quokka!
The fiery explosion engulfs you.
* * * LOW HITPOINT WARNING * * *
The quokka explodes!
You hear an angry hiss.
Unknown command.
Unknown command.
Unknown command.
You are engulfed in blazing flames.
You die...
Your body crumbles into a pile of gold.

#.##..#.#h#####.#.#.#.#
#.##..#.#P#._.#.#.#...##
#.##...^^^h..^..^.......
#.##.......r..........#
#.##.####..#.###......#
#....# #.###.........#
#..### ##.#.##########
#..# #§###### #..#
#§§°♣..# # #..###
######.# # #....#
#.##### # ##.#.# #.....#
# #.#.# #####.# # #.#.#
#.# #.#.# #.# #.#.# #.#
#.#.# #.#


There were no monsters in sight!

Vanquished Creatures
  2 ball pythons (D:1)
  A bat (D:1)
  An endoplasm (D:1)
  A goblin (D:1)
  4 jackals (D:1)
  2 quokkas (D:1)
  2 kobolds (D:1)
13 creatures vanquished.

Vanquished Creatures (others)
  3 fungi (D:1)
  2 plants (D:1)
5 creatures vanquished.

Grand Total: 18 creatures vanquished

Notes
Turn   | Place    | Note
-------+----------+-------------------------------------------
     0 | D:1      | Lusmu the Human Wanderer began the quest for the Orb.
     0 | D:1      | Lusmu set off with the following items: a +2 hand crossbow,
                  | 23 bolts, a potion of lignification, a +0 buckler, a +0
                  | robe
     0 | D:1      | Reached XP level 1. HP: 16/16 MP: 1/1
   691 | D:1      | Reached XP level 2. HP: 18/22 MP: 2/2
  1102 | D:1      | Found a faded altar of an unknown god.
  1111 | D:1      | Got Plato's Incunabulum of the Rocks
  1114 | D:1      | Became a worshipper of Gozag Ym Sagoz the Greedy
  1187 | D:1      | Engulfed by a cloud of flame

Illustrated notes

Levels and vault maps discovered:
D:1:      roderic_lyre, layout_loops_ring, shapermc_ecumenical_altar_rom_forum,
          grunt_decor_one_mirror

Action                   || total
-------------------------++-------
Melee: Club              ||    94
  Use: Scroll            ||     1
       Potion            ||     1
 Stab: Sleeping          ||     1
       Distracted        ||     2
Armor: Robe              ||    38
       Skin              ||     2
Dodge: Dodged            ||    55
Block: Buckler           ||    22

Table legend: (Time is in decaauts)
 A = Elapsed time spent in this place.
 B = Non-inter-level travel time spent in this place.
 C = Inter-level travel time spent in this place.
 D = Time resting spent in this place.
 E = Time spent auto-exploring this place.
 F = Levels seen in this place.
 G = Mean time per level.
                   A        B        C        D        E       F      G
               +--------+--------+--------+--------+--------+-----+--------+
         Total |   1214 |   1214 |      0 |    697 |    207 |   1 | 1214.0 |
       Dungeon |   1214 |   1214 |      0 |    697 |    207 |   1 | 1214.0 |
               +--------+--------+--------+--------+--------+-----+--------+

Top non-repeatable levels by time:
     D:1: 1214 daAuts
